[ PARTIDA AOE2 · #495908484 ]
UnrankedVietnamitas vs Hindustanis
Equipo del jugador · VICT
Equipo rival · DERR
[ ANÁLISIS DE REPETICIÓN · EXTRAÍDO DE LA PARTIDA GRABADA ]
Feudal
8:50
Castillos
20:03
Imperial
33:32
| APM promedio | 51.0 |
| APM pico | 85 |
| eAPM promedio | 29.1 |
| Aldeanos / militares | 176 / 354 |
Foco
⚔️ 41.6% · 🌾 58.4%
Archer ×215 · Scout Cavalry ×112 · Bombard Cannon ×12 · Trebuchet (Packed) ×12 · Spearman ×3
Feudal
8:50
Castillos
20:57
Imperial
42:26
| APM promedio | 67.9 |
| APM pico | 98 |
| eAPM promedio | 30.7 |
| Aldeanos / militares | 153 / 265 |
Foco
⚔️ 36.6% · 🌾 63.4%
Skirmisher ×218 · Ghulam ×37 · Bombard Cannon ×4 · Scout Cavalry ×2 · Archer ×1 · Spearman ×1
Mapa de la partida
Recursos iniciales + cada clic de construcción. Líneas = muros · curvas = relieve. ◆ oro · ⬟ piedra · ● bayas · ✦ reliquia · ◌ hueco del cierre
Tu base· ✓ Cerrada en 20:03 · 38t muro · 1 puerta(s)
Base de Ronin· ✓ Cerrada en 20:57 · 47t muro · sin puerta
Terreno inicial suavizado · ◌ = hueco del cierre detectado · pasá el cursor para detalles
Inputs por minuto
— LM | L3ouis - - Ronin
Build order — LM | L3ouis
Primeras 150 de 698 acciones detectadas
| 0:00 | Crear | Villager (Male) |
| 0:00 | Crear | Villager (Male) |
| 0:02 | Construir | House |
| 0:02 | Construir | House |
| 0:05 | Crear | Villager (Male) |
| 0:06 | Crear | Villager (Male) |
| 1:27 | Crear | Villager (Male) |
| 1:27 | Crear | Villager (Male) |
| 1:48 | Construir | Lumber Camp |
| 1:55 | Construir | Lumber Camp |
| 2:00 | Crear | Villager (Male) |
| 2:19 | Crear | Villager (Male) |
| 2:47 | Crear | Villager (Male) |
| 2:48 | Crear | Villager (Male) |
| 3:10 | Crear | Villager (Male) |
| 3:34 | Construir | House |
| 3:40 | Investigar | Loom |
| 3:41 | Crear | Villager (Male) |
| 4:06 | Crear | Villager (Male) |
| 4:07 | Crear | Villager (Male) |
| 4:07 | Crear | Villager (Male) |
| 4:57 | Crear | Villager (Male) |
| 4:58 | Crear | Villager (Male) |
| 4:58 | Crear | Villager (Male) |
| 5:46 | Construir | Mining Camp |
| 6:10 | Investigar | Loom |
| 6:33 | Investigar | Feudal Age |
| 6:33 | Investigar | Feudal Age |
| 6:52 | Construir | Mill |
| 7:46 | Construir | Barracks |
| 7:53 | Construir | House |
| 8:34 | Crear | Villager (Male) |
| 8:43 | Construir | Palisade Wall |
| 8:45 | Construir | Palisade Wall |
| 8:46 | Construir | Palisade Wall |
| 8:50 | Edad | Edad Feudal |
| 8:54 | Construir | Mill |
| 9:03 | Construir | Archery Range |
| 9:06 | Crear | Spearman |
| 9:06 | Crear | Villager (Male) |
| 9:20 | Crear | Villager (Male) |
| 9:33 | Crear | Villager (Male) |
| 9:38 | Investigar | Double-Bit Axe |
| 9:54 | Crear | Villager (Male) |
| 9:55 | Crear | Villager (Male) |
| 10:00 | Crear | Archer |
| 10:07 | Crear | Spearman |
| 10:10 | Construir | House |
| 10:20 | Crear | Archer |
| 10:33 | Construir | House |
| 10:38 | Construir | House |
| 10:44 | Construir | Farm |
| 10:46 | Investigar | Horse Collar |
| 10:48 | Construir | Farm |
| 10:54 | Crear | Archer |
| 11:04 | Crear | Villager (Male) |
| 11:04 | Crear | Villager (Male) |
| 11:10 | Construir | Palisade Wall |
| 11:13 | Crear | Villager (Male) |
| 11:15 | Construir | Farm |
| 11:20 | Construir | Palisade Wall |
| 11:28 | Crear | Archer |
| 11:40 | Construir | House |
| 11:41 | Crear | Villager (Male) |
| 11:43 | Construir | Farm |
| 11:46 | Crear | Archer |
| 11:53 | Construir | House |
| 11:55 | Construir | Palisade Wall |
| 12:07 | Construir | Farm |
| 12:12 | Construir | Palisade Wall |
| 12:14 | Crear | Villager (Male) |
| 12:16 | Crear | Archer |
| 12:29 | Construir | Farm |
| 12:47 | Crear | Villager (Male) |
| 13:01 | Crear | Villager (Male) |
| 13:06 | Construir | House |
| 13:07 | Construir | Palisade Wall |
| 13:09 | Crear | Villager (Male) |
| 13:13 | Crear | Spearman |
| 13:17 | Construir | House |
| 13:19 | Construir | Palisade Wall |
| 13:23 | Construir | Farm |
| 13:27 | Crear | Archer |
| 13:31 | Crear | Villager (Male) |
| 14:01 | Construir | Blacksmith |
| 14:04 | Crear | Villager (Male) |
| 14:07 | Crear | Villager (Male) |
| 14:21 | Crear | Villager (Male) |
| 14:23 | Construir | Farm |
| 14:32 | Crear | Villager (Male) |
| 14:33 | Crear | Archer |
| 14:35 | Construir | Farm |
| 14:53 | Construir | Farm |
| 15:13 | Construir | Farm |
| 15:17 | Crear | Archer |
| 15:23 | Construir | Farm |
| 15:41 | Crear | Villager (Male) |
| 15:45 | Construir | Farm |
| 15:48 | Crear | Archer |
| 16:17 | Crear | Archer |
| 16:35 | Crear | Villager (Male) |
| 16:59 | Construir | Archery Range |
| 17:00 | Crear | Villager (Male) |
| 17:07 | Crear | Archer |
| 17:23 | Investigar | Castle Age |
| 17:23 | Investigar | Castle Age |
| 17:38 | Construir | Palisade Gate |
| 17:45 | Construir | Lumber Camp |
| 17:52 | Crear | Archer |
| 17:58 | Investigar | Padded Archer Armor |
| 18:03 | Investigar | Fletching |
| 18:05 | Investigar | Padded Archer Armor |
| 18:19 | Crear | Archer |
| 18:20 | Crear | Archer |
| 18:32 | Investigar | Gold Mining |
| 18:36 | Crear | Archer |
| 19:18 | Crear | Archer |
| 19:20 | Crear | Archer |
| 19:32 | Crear | Villager (Male) |
| 19:50 | Construir | House |
| 19:52 | Construir | House |
| 20:03 | Edad | Edad de los Castillos |
| 20:04 | Investigar | Crossbowman (upgrade) |
| 20:04 | Investigar | Crossbowman (upgrade) |
| 20:05 | Investigar | Bodkin Arrow |
| 20:05 | Investigar | Bodkin Arrow |
| 20:08 | Crear | Villager (Male) |
| 20:12 | Construir | University |
| 20:25 | Crear | Archer |
| 20:25 | Crear | Archer |
| 20:45 | Crear | Archer |
| 20:46 | Crear | Villager (Male) |
| 21:05 | Crear | Villager (Male) |
| 21:08 | Crear | Archer |
| 21:19 | Investigar | Ballistics |
| 21:20 | Investigar | Ballistics |
| 21:33 | Crear | Villager (Male) |
| 21:33 | Crear | Archer |
| 21:33 | Crear | Archer |
| 21:43 | Crear | Villager (Male) |
| 21:47 | Investigar | Bow Saw |
| 21:59 | Crear | Villager (Male) |
| 22:01 | Construir | House |
| 22:03 | Construir | House |
| 22:08 | Crear | Archer |
| 22:08 | Crear | Archer |
| 22:35 | Crear | Archer |
| 22:49 | Crear | Villager (Male) |
| 22:49 | Crear | Villager (Male) |
| 22:50 | Crear | Archer |
Build order — Ronin
Primeras 150 de 690 acciones detectadas
| 0:00 | Crear | Villager (Male) |
| 0:01 | Crear | Villager (Male) |
| 0:01 | Crear | Villager (Male) |
| 0:01 | Crear | Villager (Male) |
| 0:02 | Construir | House |
| 0:02 | Construir | House |
| 1:10 | Crear | Villager (Male) |
| 1:10 | Crear | Villager (Male) |
| 1:32 | Crear | Villager (Male) |
| 1:33 | Crear | Villager (Male) |
| 2:00 | Construir | Lumber Camp |
| 2:03 | Crear | Villager (Male) |
| 2:03 | Crear | Villager (Male) |
| 2:22 | Crear | Villager (Male) |
| 2:22 | Crear | Villager (Male) |
| 3:09 | Crear | Villager (Male) |
| 3:31 | Crear | Villager (Male) |
| 3:53 | Construir | Palisade Wall |
| 3:54 | Construir | Palisade Wall |
| 4:01 | Construir | House |
| 4:02 | Construir | House |
| 4:06 | Crear | Villager (Male) |
| 4:34 | Crear | Villager (Male) |
| 4:54 | Crear | Villager (Male) |
| 5:03 | Construir | Mill |
| 5:14 | Crear | Villager (Male) |
| 5:31 | Crear | Villager (Male) |
| 5:33 | Investigar | Loom |
| 6:22 | Construir | House |
| 6:32 | Investigar | Feudal Age |
| 7:05 | Construir | Palisade Wall |
| 7:49 | Crear | Villager (Male) |
| 7:54 | Construir | Palisade Wall |
| 8:04 | Construir | Barracks |
| 8:50 | Edad | Edad Feudal |
| 8:53 | Crear | Villager (Male) |
| 9:01 | Construir | Stable |
| 9:02 | Construir | Palisade Wall |
| 9:14 | Crear | Villager (Male) |
| 9:18 | Crear | Spearman |
| 9:33 | Investigar | Double-Bit Axe |
| 9:36 | Construir | Farm |
| 9:46 | Crear | Villager (Male) |
| 10:03 | Construir | Farm |
| 10:12 | Construir | Farm |
| 10:15 | Crear | Scout Cavalry |
| 10:15 | Crear | Scout Cavalry |
| 10:25 | Crear | Villager (Male) |
| 10:26 | Construir | Farm |
| 10:35 | Crear | Villager (Male) |
| 10:36 | Construir | Farm |
| 11:05 | Construir | House |
| 11:10 | Construir | Farm |
| 11:13 | Construir | Farm |
| 11:14 | Crear | Villager (Male) |
| 11:34 | Construir | Palisade Wall |
| 11:42 | Crear | Villager (Male) |
| 11:47 | Construir | Palisade Wall |
| 12:02 | Construir | Palisade Wall |
| 12:05 | Crear | Villager (Male) |
| 12:09 | Construir | Archery Range |
| 12:21 | Crear | Villager (Male) |
| 12:45 | Crear | Villager (Male) |
| 12:47 | Construir | Farm |
| 12:56 | Construir | Palisade Wall |
| 12:59 | Crear | Skirmisher |
| 13:00 | Crear | Skirmisher |
| 13:07 | Crear | Villager (Male) |
| 13:09 | Construir | Farm |
| 13:21 | Construir | House |
| 13:28 | Crear | Skirmisher |
| 13:40 | Crear | Villager (Male) |
| 13:42 | Construir | Farm |
| 13:52 | Construir | Farm |
| 14:00 | Crear | Villager (Male) |
| 14:23 | Crear | Villager (Male) |
| 14:24 | Construir | Farm |
| 14:30 | Crear | Skirmisher |
| 14:30 | Crear | Skirmisher |
| 14:56 | Construir | House |
| 14:59 | Investigar | Wheelbarrow |
| 15:29 | Construir | House |
| 15:41 | Crear | Villager (Male) |
| 15:58 | Construir | Market |
| 16:05 | Crear | Villager (Male) |
| 16:12 | Construir | House |
| 16:16 | Construir | Blacksmith |
| 16:25 | Construir | House |
| 16:52 | Construir | Mining Camp |
| 17:11 | Construir | House |
| 17:12 | Crear | Villager (Male) |
| 17:30 | Construir | Lumber Camp |
| 17:41 | Construir | Palisade Wall |
| 17:46 | Crear | Villager (Male) |
| 18:00 | Construir | Lumber Camp |
| 18:17 | Investigar | Castle Age |
| 18:17 | Investigar | Castle Age |
| 18:19 | Crear | Skirmisher |
| 18:20 | Crear | Skirmisher |
| 18:25 | Construir | Farm |
| 18:31 | Investigar | Horse Collar |
| 18:45 | Crear | Skirmisher |
| 18:52 | Construir | House |
| 18:54 | Construir | House |
| 19:05 | Investigar | Fletching |
| 19:11 | Construir | Farm |
| 19:31 | Crear | Skirmisher |
| 19:32 | Crear | Skirmisher |
| 19:57 | Construir | House |
| 20:00 | Investigar | Padded Archer Armor |
| 20:25 | Crear | Archer |
| 20:27 | Crear | Skirmisher |
| 20:30 | Crear | Villager (Male) |
| 20:39 | Construir | House |
| 20:44 | Construir | House |
| 20:48 | Construir | Market |
| 20:57 | Edad | Edad de los Castillos |
| 21:02 | Investigar | Bodkin Arrow |
| 21:08 | Crear | Villager (Male) |
| 21:34 | Crear | Villager (Male) |
| 21:38 | Investigar | Elite Skirmisher (upgrade) |
| 21:38 | Investigar | Elite Skirmisher (upgrade) |
| 21:50 | Crear | Villager (Male) |
| 21:59 | Construir | House |
| 22:32 | Crear | Skirmisher |
| 22:33 | Crear | Skirmisher |
| 22:33 | Crear | Skirmisher |
| 22:49 | Construir | House |
| 22:51 | Crear | Villager (Male) |
| 22:51 | Crear | Villager (Male) |
| 22:53 | Construir | University |
| 22:59 | Crear | Skirmisher |
| 22:59 | Crear | Skirmisher |
| 23:01 | Construir | House |
| 23:02 | Construir | House |
| 23:26 | Crear | Skirmisher |
| 23:26 | Crear | Skirmisher |
| 23:28 | Crear | Villager (Male) |
| 23:28 | Crear | Villager (Male) |
| 23:48 | Construir | Palisade Wall |
| 23:50 | Construir | Palisade Wall |
| 23:54 | Crear | Villager (Male) |
| 24:07 | Construir | Town Center |
| 24:59 | Investigar | Ballistics |
| 25:18 | Crear | Villager (Male) |
| 25:18 | Crear | Villager (Male) |
| 25:18 | Crear | Villager (Male) |
| 25:18 | Crear | Villager (Male) |
| 25:19 | Crear | Villager (Male) |
| 25:20 | Crear | Villager (Male) |
Cronología de la partida
| 3:53 | Ronin · wall_segment Palisade Wall x1 |
| 3:54 | Ronin · wall_segment Palisade Wall x1 |
| 7:05 | Ronin · wall_segment Palisade Wall x11 |
| 7:46 | LM | L3ouis · first_building Barracks |
| 7:54 | Ronin · wall_segment Palisade Wall x1 |
| 8:04 | Ronin · first_building Barracks |
| 8:43 | LM | L3ouis · wall_segment Palisade Wall x1 |
| 8:45 | LM | L3ouis · wall_segment Palisade Wall x1 |
| 8:46 | LM | L3ouis · wall_segment Palisade Wall x1 |
| 8:50 | LM | L3ouis · age_up feudal |
| 8:50 | Ronin · age_up feudal |
| 9:01 | Ronin · first_building Stable |
| 9:02 | Ronin · wall_segment Palisade Wall x1 |
| 9:03 | LM | L3ouis · first_building Archery Range |
| 11:10 | LM | L3ouis · wall_segment Palisade Wall x4 |
| 11:20 | LM | L3ouis · wall_segment Palisade Wall x4 |
| 11:34 | Ronin · wall_segment Palisade Wall x5 |
| 11:47 | Ronin · wall_segment Palisade Wall x4 |
| 11:55 | LM | L3ouis · wall_segment Palisade Wall x8 |
| 12:02 | Ronin · wall_segment Palisade Wall x8 |
| 12:09 | Ronin · first_building Archery Range |
| 12:12 | LM | L3ouis · wall_segment Palisade Wall x7 |
| 12:56 | Ronin · wall_segment Palisade Wall x13 |
| 13:07 | LM | L3ouis · wall_segment Palisade Wall x1 |
| 13:19 | LM | L3ouis · wall_segment Palisade Wall x11 |
| 17:41 | Ronin · wall_segment Palisade Wall x3 |
| 20:03 | LM | L3ouis · age_up castle |
| 20:57 | Ronin · age_up castle |
| 23:48 | Ronin · wall_segment Palisade Wall x5 |
| 23:50 | Ronin · wall_segment Palisade Wall x11 |
| 29:18 | LM | L3ouis · first_building Monastery |
| 30:38 | LM | L3ouis · first_market_buy 100 food |
| 32:40 | LM | L3ouis · first_market_sell 100 food |
| 32:48 | Ronin · first_building Castle |
| 33:32 | LM | L3ouis · age_up imperial |
| 34:31 | LM | L3ouis · first_building Castle |
| 35:09 | LM | L3ouis · first_building Siege Workshop |
| 37:20 | Ronin · first_market_buy 100 stone |
| 39:08 | Ronin · first_market_sell 500 wood |
| 41:14 | LM | L3ouis · wall_segment Stone Wall x13 |
| 42:26 | Ronin · age_up imperial |
| 43:10 | Ronin · first_building Siege Workshop |
| 44:41 | LM | L3ouis · first_building Stable |
| 56:26 | Ronin · resign |
[ ANÁLISIS IA · 1 CRÉDITO ]
¿Qué pasó realmente en esta partida?
Wolo.gg analiza cada decisión: build order, eco, micro, errores típicos por bracket. Análisis personalizado por WhatsApp o Discord en 30 segundos.
Guía civ
Vietnamitas
Perfil
Jugador #9597568